 Dungeon Crawl Stone Soup version 0.27.1-2-g3b301248ec (webtiles) character file.

Game seed: 3891946748726714591

116018 Kinoniko the Severer (level 16, -1/190 HPs)
             Began as a Demonspawn Berserker on Oct 5, 2021.
             Was the Champion of Trog.
             Slain by a thorn hunter (8 damage)
             ... on level 2 of the Swamp.
             The game lasted 00:31:58 (33249 turns).

Kinoniko the Severer (Demonspawn Berserker)        Turns: 33249, Time: 00:31:59

Health: -1/190     AC: 46    Str: 28    XL:     16   Next: 20%
Magic:  16/16      EV: 12    Int:  9    God:    Trog [******]
Gold:   2483       SH:  5    Dex: 11    Spells: 15/15 levels left

rFire    . . .     SeeInvis .   T - +9 executioner's axe (vorpal)
rCold    + . .     Faith    .   (shield currently unavailable)
rNeg     . . .     Spirit   .   G - +9 crystal plate armour
rPois    +         Reflect  +   (helmet unavailable)
rElec    .         Harm     .   i - +1 cloak {Will+}
rCorr    .         Rampage  .   E - +0 pair of gloves of Greed {rC+ Will+ Str+6 Dex-4}
Will     +++..                  (no boots)
Stlth    ..........             S - amulet of reflection
HPRegen  0.41/turn              p - +4 ring of evasion
MPRegen  0.30/turn              N - ring of poison resistance

@: berserking, lethally poisoned (-1 -> -24), sanguine armoured, quick
A: horns 3, ignite blood 2, magic regeneration, sanguine armour 3
a: Renounce Religion, Berserk, Trog's Hand, Brothers in Arms


You were on level 2 of the Swamp.
You worshipped Trog.
Trog was exalted by your worship.
You visited 4 branches of the dungeon, and saw 25 of its levels.
You also visited: Ossuary.

You collected 2988 gold pieces.
You spent 505 gold pieces at shops.

Inventory:

Hand Weapons
 z - a +6 broad axe of electrocution
 L - a +4 battleaxe of flaming
 T - a +9 vorpal executioner's axe (weapon)
Missiles
 j - a throwing net (quivered)
Armour
 i - a +1 cloak of willpower (worn)
 u - a +2 scale mail of fire resistance
 D - the +2 cloak of the Game of Kings {rF- MP+9 Str+5}
   (You found it on level 14 of the Dungeon)

   Str:       It affects your strength (+5).
   rF:        It makes you vulnerable to fire.
   MP:        It affects your magic capacity (+9).
 E - the +0 pair of gloves of Greed (worn) {rC+ Will+ Str+6 Dex-4}
   (You acquired it on level 2 of the Orcish Mines)

   Str:       It affects your strength (+6).
   Dex:       It affects your dexterity (-4).
   rC:        It protects you from cold.
   Will:      It increases your willpower.
 G - a +9 crystal plate armour (worn)
Jewellery
 p - a +4 ring of evasion (left hand)
 C - a ring of willpower
 H - a +6 ring of dexterity
 J - a +4 ring of protection
 M - a +6 ring of intelligence
 N - a ring of poison resistance (right hand)
 P - a ring of see invisible
 S - an amulet of reflection (around neck)
 X - an amulet of guardian spirit
 Y - a ring of willpower
Wands
 a - a wand of polymorph (10)
 n - a wand of paralysis (41)
 v - a wand of digging (12)
 w - a wand of flame (59)
 x - a wand of charming (23)
 O - a wand of iceblast (8)
 Q - a wand of acid (17)
Scrolls
 d - 4 scrolls of fog
 h - 7 scrolls of teleportation
 k - 5 scrolls of fear
 q - 8 scrolls of vulnerability
 y - a scroll of torment
 B - 2 scrolls of holy word
 I - 7 scrolls of identify
 K - 3 scrolls of magic mapping
 U - a scroll of silence
 V - a scroll of summoning
Potions
 b - 4 potions of flight
 c - 3 potions of cancellation
 e - 4 potions of lignification
 f - 15 potions of curing
 g - 3 potions of resistance
 l - 9 potions of attraction
 m - a potion of heal wounds
 o - 2 potions of brilliance
 r - a potion of ambrosia
 s - 2 potions of berserk rage
 t - 8 potions of might
 A - a potion of magic
 R - 2 potions of haste
 W - a potion of invisibility {unknown}
Miscellaneous
 F - a tin of tremorstones (2/2)


   Skills:
 + Level 11.8 Fighting
 * Level 20.5 Axes
 * Level 11.6 Armour
 + Level 9.5 Dodging


You had 15 spell levels left.
You didn't know any spells.
Your spell library contained the following spells:

 Spells                   Type           Power      Damage    Failure   Level
 Ensorcelled Hibernation  Hex/Ice        0%         N/A       100%        2
 Slow                     Hex            0%         N/A       100%        2
 Sublimation of Blood     Necr           0%         N/A       100%        2
 Wereblood                Tmut           0%         N/A       100%        2
 Confusing Touch          Hex            0%         N/A       100%        3
 Spider Form              Tmut/Pois      0%         N/A       100%        3
 Stone Arrow              Conj/Erth      0%         3d7       100%        3
 Tukima's Dance           Hex            0%         N/A       100%        3
 Vampiric Draining        Necr           0%         2d6       100%        3
 Animate Armour           Summ/Erth      0%         N/A       100%        4
 Hailstorm                Conj/Ice       0%         3d3       100%        4
 Ice Form                 Ice/Tmut       0%         N/A       100%        4
 Passage of Golubria      Tloc           N/A        N/A       100%        4
 Yara's Violent Unravell  Hex/Tmut       0%         3d3       100%        5
 Shadow Creatures         Summ           N/A        N/A       100%        6
 Simulacrum               Ice/Necr       0%         N/A       100%        6
 Summon Hydra             Summ           0%         N/A       100%        7
 Lehudib's Crystal Spear  Conj/Erth      0%         10d2      100%        8


Dungeon Overview and Level Annotations

Branches:
Dungeon (15/15)            Temple (0/1) D:5            Lair (6/6) D:8
  Swamp (2/4) Lair:2       Spider (0/4) Lair:2        Slime (0/5) Lair:6
    Orc (2/2) D:10            Elf (0/3) Orc:2        Vaults (0/5) D:14
 Depths (0/5) D:15        Ossuary (visited)

Altars:
Ashenzari
Dithmenos
Nemelex Xobeh
Okawaru
Ru
Xom
Beogh
Lugonu

Shops:
D:10 :   D:11 :   D:13 *   Orc:2 *?(*

Portals:
Abyss: Lair:6

Annotations:
Lair:1 2 transporters


Innate Abilities, Weirdness & Mutations

You have a pair of large horns on your head.
Your demonic aura often causes spilled blood to erupt in flames.
You regenerate magic rapidly.
When seriously injured, your bleeding wounds create very thick armour. (AC +12)


Message History

You miss the fenstrider witch.
The fenstrider witch is heavily wounded.
You slash the thorn hunter! You cut the bog body into ribbons!!!
You are engulfed in a cloud of scalding steam.
You feel very sick.
The fenstrider witch is engulfed in blazing flames.
The fenstrider witch casts a spell at you.
The toxic sludge hits you but does no damage.
You are more poisoned.
Splash!
You fall into the toxic bog.
Moving in this stuff is going to be slow.
The bog body touches you but does no damage.
The thorn hunter closely misses you. The thorn hunter hits you!
* * * LOW HITPOINT WARNING * * *
Your crystal plate armour prevents you from hitting the fenstrider witch.
The fenstrider witch is severely wounded.
You slash the bog body!
You feel the power of Trog in you as your rage grows.
You destroy the bog body!
Trog accepts your kill.
Trog appreciates your killing of a magic user.
You hit the thorn hunter but do no damage.
You are engulfed in a cloud of scalding steam.
You fester in the toxic bog.
You partially resist.
You are more poisoned.
* * * LOW HITPOINT WARNING * * *
x2 You feel very sick.
The will-o-the-wisp blinks!
The fenstrider witch is engulfed in blazing flames.
The fenstrider witch hits you but does no damage.
The fenstrider witch closely misses you.
Your unstable footing causes you to fumble your attack.
You are engulfed in a cloud of scalding steam.
You fester in the toxic bog.
You partially resist.
You are more poisoned.
* * * LOW HITPOINT WARNING * * *
x2 You feel very sick.
The thorn hunter barely misses you. The thorn hunter hits you!
You die...

≈......
.♣♣≈.≈≈≈≈§≈≈≈.♣
.PPP..≈≈≈≈≈≈...
♣≈...≈≈≈.≈≈≈≈≈ ♣♣
♣♣♣≈.$.≈≈≈≈≈≈≈≈§
♣P≈♣....≈≈≈≈≈≈≈≈≈≈≈
♣≈.≈†≈§≈≈v≈≈≈≈≈≈≈≈
♣♣≈≈≈.†§§§..≈≈≈≈F≈.
♣P.≈.○@H†..<≈≈≈≈≈..
♣♣≈..♣§f§§..≈§≈≈≈v≈
♣♣♣♣♣.§.≈§≈≈§≈≈.≈>
♣.♣≈.≈≈.≈≈x≈..
♣≈.♣♣♣♣......≈♣
.... ♣≈....#♣♣ .≈.
♣♣♣♣♣H# ..♣♣ .#


You could see a thorn hunter, a fenstrider witch and a will-o-the-wisp.

Vanquished Creatures
  Nikola (Swamp:1)
  Kirke (D:14)
  An orc warlord (Orc:2)
  Nessos (Lair:5)
  A bunyip (Swamp:2)
  Snorg (D:11)
  A fire dragon (D:15)
  6 hydras
  A great orb of eyes (D:15)
  An ogre mage (D:15)
  6 boulder beetles
  A ghost crab (Swamp:1)
  An ice dragon (D:15)
  8 centaur warriors
  Erica (Lair:2)
  2 death knights (D:15)
  2 dancing weapons (D:14)
  2 death yaks (Lair:6)
  An alligator (Swamp:1)
  4 two-headed ogres
  A tengu warrior (D:9)
  3 thrashing horrors (Lair:6)
  Urug (D:11)
  4 orc high priests (Orc:2)
  A spriggan berserker (Swamp:1)
  Nergalle (Lair:2)
  A goliath frog (Swamp:2)
  2 swamp dragons
  3 wizards
  4 bog bodies
  A deep elf pyromancer (D:15)
  9 orc knights
  3 orc sorcerers (Orc:2)
  11 ugly things
  A manticore (D:15)
  5 cyclopes
  2 oklob plants (Lair:6)
  Joseph (D:7)
  17 elephants
  3 smoke demons (Lair:6)
  3 black mambas
  4 torpor snails
  An unseen horror (D:10)
  2 gargoyles
  10 cane toads
  A kobold demonologist (D:13)
  2 efreet
  A tengu conjurer (D:9)
  3 rime drakes
  An ancient zyme (Lair:6)
  A yaktaur (D:10)
  13 komodo dragons
  5 trolls
  2 jumping spiders (shapeshifter)
  6 polar bears
  2 tyrant leeches (Swamp:1)
  A wind drake (shapeshifter) (D:14)
  4 dream sheep (Lair:5)
  10 slime creatures
  33 blink frogs
  A centaur simulacrum (D:14)
  A shadow (D:9)
  Sigmund (D:6)
  A spriggan (Lair:6)
  A spriggan (shapeshifter) (Lair:6)
  3 wraiths
  2 ynoxinuls (Lair:6)
  6 wyverns
  5 water elementals (D:15)
  9 basilisks
  2 large abominations (Lair:6)
  Grum (D:11)
  8 small abominations (Lair:6)
  2 hogs (D:14)
  58 yaks
  4 vampire mosquitoes (D:12)
  3 wargs
  Menkaure (D:7)
  5 steam dragons
  An acid dragon (D:10)
  3 swamp worms
  19 water moccasins
  44 orc warriors
  2 ice beasts
  4 black bears
  2 necrophages (D:7)
  14 ogres
  14 wolves
  8 centaurs
  An elf zombie (Ossuary)
  4 kobold brigands
  16 bullfrogs
  2 gnoll sergeants
  3 scorpions
  2 wyvern zombies
  A wyvern skeleton (D:7)
  8 wights (D:7)
  6 killer bees (D:9)
  2 electric eels
  7 howler monkeys
  A hound (D:6)
  A bullfrog zombie (D:6)
  A human zombie (Ossuary)
  A centaur skeleton (D:6)
  A bullfrog skeleton (D:6)
  Crazy Yiuf (D:2)
  3 jellies
  31 orc priests
  5 iguanas
  A scorpion zombie (D:5)
  20 orc wizards
  2 human simulacra (D:10)
  3 mummies
  14 gnolls
  6 adders
  2 white imps
  An ufetubus (D:6)
  3 adder zombies
  A worm (D:2)
  2 dart slugs
  95 orcs
  6 bats
  10 endoplasms
  2 giant cockroaches
  9 goblins
  8 hobgoblins
  3 jackals (D:2)
  2 quokkas (D:1)
  7 ball pythons
  A goblin zombie (Ossuary)
  11 hobgoblin zombies (Ossuary)
  A jackal zombie (Ossuary)
  20 kobolds
  7 kobold zombies (Ossuary)
  9 orc zombies (Ossuary)
  5 rats
  3 rat zombies (Ossuary)
  A butterfly (Lair:2)
799 creatures vanquished.

Vanquished Creatures (collateral kills)
  A wight (D:6)
1 creature vanquished.

Vanquished Creatures (others)
  A spriggan air mage (Swamp:1)
  3 spriggans (Swamp:1)
  A spriggan berserker (Swamp:1)
  A goliath frog (Swamp:1)
  A tyrant leech (Swamp:1)
  3 hornets (Swamp:1)
  4 foxfires (Swamp:2)
  82 fungi
  100 plants
196 creatures vanquished.

Grand Total: 996 creatures vanquished

Notes
Turn   | Place    | Note
-------+----------+-------------------------------------------
     0 | D:1      | Kinoniko the Demonspawn Berserker began the quest for the
                  | Orb.
     0 | D:1      | Reached XP level 1. HP: 18/18 MP: 1/1
   257 | D:1      | Found a faded altar of an unknown god.
   368 | D:1      | Reached skill level 3 in Axes
   709 | D:1      | Gained mutation: You have a pair of small horns on your
                  | head. [demonic ancestry]
   709 | D:1      | Reached XP level 2. HP: 19/24 MP: 2/2
  1781 | D:2      | Gained mutation: Your demonic aura sometimes causes spilled
                  | blood to erupt in flames. [demonic ancestry]
  1781 | D:2      | Reached XP level 3. HP: 20/29 MP: 3/3
  1907 | D:2      | Found a runed translucent door.
  1908 | D:2      | Noticed Crazy Yiuf
  2007 | D:2      | Reached ** piety under Trog
  2069 | D:2      | Reached skill level 4 in Axes
  2634 | D:2      | Killed Crazy Yiuf
  2635 | D:2      | Gained mutation: You have a pair of horns on your head.
                  | [demonic ancestry]
  2635 | D:2      | Reached XP level 4. HP: 35/35 MP: 4/4
  2774 | D:3      | Reached skill level 5 in Axes
  3104 | D:3      | Reached XP level 5. HP: 41/41 MP: 5/5
  3716 | D:4      | Noticed a water moccasin
  3722 | D:4      | Killed a water moccasin
  3723 | D:4      | Reached skill level 6 in Axes
  3792 | D:4      | Found a shadowy altar of Dithmenos.
  3923 | D:4      | Gained mutation: Your demonic aura often causes spilled
                  | blood to erupt in flames. [demonic ancestry]
  3923 | D:4      | Reached XP level 6. HP: 21/47 MP: 6/6
  4716 | D:5      | Entered Level 5 of the Dungeon
  4719 | D:5      | Found a sand-covered staircase.
  4736 | D:5      | Reached skill level 7 in Axes
  4745 | D:5      | Reached *** piety under Trog
  4917 | Ossuary  | Entered an ossuary
  5082 | Ossuary  | Reached XP level 7. HP: 14/52 MP: 7/7
  5548 | Ossuary  | Reached **** piety under Trog
  5698 | D:5      | Found a staircase to the Ecumenical Temple.
  5763 | D:5      | Reached skill level 8 in Axes
  6761 | D:6      | Reached skill level 9 in Axes
  6761 | D:6      | Gained mutation: When seriously injured, your bleeding
                  | wounds create armour. (AC +12) [demonic ancestry]
  6761 | D:6      | Reached XP level 8. HP: 36/58 MP: 8/8
  7224 | D:6      | Noticed Sigmund
  7234 | D:6      | Killed Sigmund
  7235 | D:6      | Reached skill level 10 in Axes
  7871 | D:7      | Reached skill level 11 in Axes
  7871 | D:7      | Reached XP level 9. HP: 63/63 MP: 9/9
  8144 | D:7      | Reached ***** piety under Trog
  8450 | D:7      | Noticed Menkaure
  8452 | D:7      | Noticed Joseph
  8455 | D:7      | Killed Menkaure
  8464 | D:7      | Killed Joseph
  8465 | D:7      | Reached skill level 12 in Axes
  9117 | D:7      | Identified a scroll of acquirement
  9117 | D:7      | Acquired a manual of Axes
  9178 | D:8      | Reached skill level 13 in Axes
  9287 | D:8      | Reached XP level 10. HP: 70/70 MP: 10/10
  9311 | D:8      | Found a staircase to the Lair.
  9347 | D:8      | Reached skill level 14 in Axes
 10286 | D:9      | Received a gift from Trog
 10327 | D:9      | Reached skill level 15 in Axes
 10480 | D:9      | Noticed a centaur warrior
 10492 | D:9      | Noticed a tengu warrior
 10502 | D:9      | Killed a centaur warrior
 10503 | D:9      | Reached skill level 16 in Axes
 10589 | D:9      | Killed a tengu warrior
 10700 | D:9      | Gained mutation: You regenerate magic rapidly. [demonic
                  | ancestry]
 10700 | D:9      | Reached XP level 11. HP: 78/78 MP: 11/11
 11486 | D:10     | Entered Level 10 of the Dungeon
 11602 | D:10     | Acquired a +2 crystal plate armour
 11647 | D:10     | Found Lenagot's Book Boutique.
 11953 | D:10     | You fall into a shaft and drop 3 floors!
 11989 | D:13     | Noticed an eight-headed hydra
 12000 | D:13     | Reached skill level 5 in Fighting
 12001 | D:13     | Killed a 14-headed hydra
 12005 | D:13     | Reached skill level 17 in Axes
 12330 | D:13     | Noticed a two-headed ogre
 12336 | D:13     | Found an iron altar of Okawaru.
 12341 | D:13     | Killed a two-headed ogre
 12543 | D:13     | Noticed a sun demon
 12862 | D:13     | Found Taug Ote's Demolitions Depot.
 13291 | D:12     | Found Limmiodd's Magic Scroll Boutique.
 13297 | D:12     | Bought a scroll of identify for 26 gold pieces
 13297 | D:12     | Bought a scroll of enchant armour for 97 gold pieces
 13297 | D:12     | Bought a scroll of enchant armour for 97 gold pieces
 13297 | D:12     | Bought 3 scrolls of identify for 78 gold pieces
 13297 | D:12     | Bought a scroll of identify for 26 gold pieces
 13297 | D:12     | Bought a scroll of magic mapping for 45 gold pieces
 13297 | D:12     | Bought a scroll of teleportation for 39 gold pieces
 13327 | D:11     | Noticed Grum
 13337 | D:11     | Killed Grum
 13420 | D:11     | Found Cytis's Book Emporium.
 13544 | D:10     | Noticed a centaur warrior
 13555 | D:10     | Killed a centaur warrior
 14069 | D:10     | Found a staircase to the Orcish Mines.
 14139 | Lair:1   | Entered Level 1 of the Lair of Beasts
 14521 | Lair:1   | Reached XP level 12. HP: 85/91 MP: 12/12
 14785 | Lair:1   | Found a sacrificial altar of Ru.
 14893 | Lair:1   | Found a transporter.
 15250 | Lair:1   | Found a transporter.
 15251 | Lair:1   | Noticed a boulder beetle
 15251 | Lair:1   | Noticed a boulder beetle
 15378 | Lair:2   | Noticed a four-headed hydra
 15388 | Lair:2   | Killed a nine-headed hydra
 15536 | Lair:2   | Received a gift from Trog
 15816 | Lair:2   | Reached skill level 18 in Axes
 15998 | Lair:2   | Found a hole to the Spider Nest.
 16011 | Lair:2   | Noticed Nergalle
 16018 | Lair:2   | Killed Nergalle
 16370 | Lair:2   | Found a staircase to the Swamp.
 16765 | Lair:2   | Reached skill level 5 in Armour
 16765 | Lair:2   | Reached skill level 5 in Dodging
 17047 | Lair:2   | Noticed Erica
 17049 | Lair:2   | Killed Erica
 17423 | Lair:3   | Gained mutation: When seriously injured, your bleeding
                  | wounds create thick armour. (AC +12) [demonic ancestry]
 17423 | Lair:3   | Reached XP level 13. HP: 99/99 MP: 13/13
 17948 | Lair:4   | Identified the +8 great sword "Edair" {freeze, *Corrode
                  | rC++ Int+3}
 19151 | Lair:5   | Reached ****** piety under Trog
 19189 | Lair:5   | Noticed Nessos
 19199 | Lair:5   | Killed Nessos
 19199 | Lair:5   | Received a gift from Trog
 20314 | Lair:6   | Entered Level 6 of the Lair of Beasts
 20325 | Lair:5   | Reached skill level 19 in Axes
 20489 | Lair:6   | Gained mutation: When seriously injured, your bleeding
                  | wounds create very thick armour. (AC +12) [demonic
                  | ancestry]
 20489 | Lair:6   | Reached XP level 14. HP: 72/109 MP: 14/14
 20632 | Lair:6   | Found a shimmering altar of Xom.
 20744 | Lair:6   | Identified the +9 broad axe "Fohaxoups" {flame, rC+ Will+}
                  | (Trog gifted it to you on level 6 of the Lair of Beasts)
 20744 | Lair:6   | Received a gift from Trog
 21048 | Lair:6   | Reached skill level 10 in Fighting
 21966 | Lair:6   | Found a corrupted altar of Lugonu.
 21966 | Lair:6   | Found a one-way gate to the infinite horrors of the Abyss.
 23006 | Lair:6   | Found a staircase to the Slime Pits.
 23328 | D:11     | Noticed Urug
 23336 | D:11     | Killed Urug
 23542 | D:11     | Noticed Snorg
 23552 | D:11     | Killed Snorg
 23656 | D:11     | Found a sparkling altar of Nemelex Xobeh.
 24094 | D:12     | Found a broken altar of Ashenzari.
 24185 | D:12     | Received a gift from Trog
 24745 | D:14     | Reached XP level 15. HP: 117/117 MP: 15/15
 25394 | D:14     | Noticed Kirke
 25401 | D:14     | Killed Kirke
 25562 | D:14     | Found a gate to the Vaults.
 25581 | D:14     | Reached skill level 10 in Armour
 25586 | D:14     | Identified the +2 cloak of the Game of Kings {rF- MP+9
                  | Str+5}
 26254 | Orc:1    | Entered Level 1 of the Orcish Mines
 26291 | Orc:1    | Found a frozen archway.
 27102 | Orc:2    | Entered Level 2 of the Orcish Mines
 27177 | Orc:2    | Reached skill level 20 in Axes
 27313 | Orc:2    | Found Ypleirae's Weapon Boutique.
 27327 | Orc:2    | Found Jocihixt's Assorted Antiques.
 27494 | Orc:2    | Received a gift from Trog
 28259 | Orc:2    | Found a staircase to the Elven Halls.
 28539 | Orc:2    | Identified the +10 longbow of Zeogiuk {vorpal, rF+}
 28619 | Orc:2    | Noticed an orc warlord
 28622 | Orc:2    | Received a gift from Trog
 28638 | Orc:2    | Killed an orc warlord
 29169 | Orc:2    | Found Jayki's General Store.
 29531 | Orc:2    | Found Xeizotz's Magic Scroll Emporium.
 29771 | Orc:2    | Bought a scroll of enchant armour for 97 gold pieces
 29910 | Orc:2    | Acquired the +0 pair of gloves of Greed {rC+ Will+ Str+6
                  | Dex-4}
 30226 | D:15     | Entered Level 15 of the Dungeon
 31858 | D:15     | Gained mutation: You have a pair of large horns on your
                  | head. [demonic ancestry]
 31858 | D:15     | Reached XP level 16. HP: 93/126 MP: 16/16
 31966 | D:15     | Found a staircase to the Depths.
 32355 | Swamp:1  | Entered Level 1 of the Swamp
 32413 | Swamp:1  | Noticed Nikola
 32448 | Swamp:1  | HP: 3/127 [Nikola/arc of chain lightning (43)]
 32453 | Swamp:1  | Killed Nikola
 32615 | Swamp:1  | Received a gift from Trog
 32933 | Swamp:1  | Acquired 406 gold pieces
 33231 | Swamp:2  | Noticed a thorn hunter
 33249 | Swamp:2  | HP: 7/190 [poison]
 33249 | Swamp:2  | Slain by a thorn hunter

Illustrated notes

Levels and vault maps discovered:
D:1:      tarquinn_simple_flora_water_b, layout_basic,
          hellmonk_ecumenical_altar_heavens_door
D:2:      layout_loops_ring, uniq_crazy_yiuf_cottage
D:3:      layout_basic
D:4:      layout_loops_ring, nicolae_dithmenos_shadow_blocks
D:5:      layout_basic, minmay_temple_entry_overgrown,
          gup_ossuary_entry_pyramid, serial_aquarium, aquarium_bridge_straight
          [aquarium_subvault_bridge, aquarium_subvault_window,
          aquarium_subvault_bridge, aquarium_subvault_window],
          aquarium_window_corner, aquarium_window_1, aquarium_window_fake,
          aquarium_view_2d, aquarium_pool_S
D:6:      layout_loops_cross, corexii_leaking_fountain, uniq_sigmund
D:7:      layout_gridville, solitary_fountain, uniq_menkaure, uniq_joseph
D:8:      layout_loops_ring, due_lair_maze_entry_diamond
D:9:      layout_irregular_city, minivault_10, kb_rosetta
D:10:     layout_loops_cross, orc_0_dummy, serial_shops, nicolae_stop_n_shop_1,
          bh_circular_ruins
D:11:     layout_gridville, serial_shops, nicolae_stop_n_shop_1,
          nemelex_lonely_heart_becter, uniq_grum, uniq_urug, uniq_snorg
D:12:     layout_gridville, serial_shops, nicolae_lakefront_shop,
          cheibrodos_ashenzari_chains
D:13:     layout_basic, nicolae_blasting_shop, grunt_ministairs_7,
          okawaru_altar_gauntlet_db
D:14:     layout_basic, erik_vaults_1, infiniplex_staircase_pool_2,
          roderic_roman_lattice, uniq_kirke
D:15:     grunt_enter_depths_hoard, layout_basic, hellmonk_bongcloud_opening,
          hangedman_corner_corridor
Lair:1:   gammafunk_boulding_lane, layout_loops_ring, basic_altar,
          lemuel_fruit_tree, grunt_megastairs_3
Lair:2:   layout_layer_cave, minmay_swamp_entry_reptiles,
          spider_nest_entry_web_field, pond, lemuel_fruit_fields, uniq_erica,
          uniq_nergalle
Lair:3:   layout_hall_layers
Lair:4:   layout_roguey, serial_bayou, serial_bayou_pond_c, serial_bayou_pond_e,
          serial_bayou_pond_c, serial_bayou_lagoon_a, minivault_25,
          serial_bayou_shore_b
Lair:5:   layout_roguey, uniq_nessos
Lair:6:   hellmonk_lair_end_abyssal_woods, layout_cave_pods,
          minmay_slime_entry_oklob_enclosed, basic_altar, grunt_megastairs_2
Swamp:1:  layout_falls_marsh, serial_swamp_ruin, evilmike_swamp_ruin_house_3,
          evilmike_swamp_ruin_rubble_2, evilmike_swamp_ruin_house_1, uniq_nikola
Swamp:2:  layout_basic_swamp, evilmike_swamp_ruin_wall, swamp_pool1,
          grunt_lady_of_the_lake
Orc:1:    layout_caves, basic_altar, portal_ice_cave_entry_pillars_1
Orc:2:    pubby_orc_utopia, serial_shops

Skill      XL: |  1  2  3  4  5  6  7  8  9 10 11 12 13 14 15 |
---------------+----------------------------------------------+-----
Axes           | 3 4 5 6 7 9 11 13 16 17 18 19 20 | 20.5
Fighting       | 4 7 8 9 10 11 | 11.8
Armour         | 3 5 7 9 11 | 11.6
Dodging        | 3 5 6 8 9 |  9.5

Action                   |  1- 3 |  4- 6 |  7- 9 | 10-12 | 13-15 | 16-18 || total
-------------------------+-------+-------+-------+-------+-------+-------++-------
Melee: Hand axe          |    99 |   162 |   269 |       |       |       ||   530
       Headbutt          |    20 |    45 |    78 |    82 |   157 |    11 ||   393
       War axe           |       |       |    70 |   333 |       |       ||   403
       Battleaxe         |       |       |       |    90 |    96 |       ||   186
       Executioner's axe |       |       |       |       |   727 |    67 ||   794
Invok: Berserk           |     1 |     5 |    13 |    13 |    18 |     3 ||    53
       Trog's Hand       |       |       |     1 |       |       |     1 ||     2
       Brothers in Arms  |       |       |     1 |       |       |       ||     1
  Use: Scroll            |       |     6 |     6 |    20 |    14 |     1 ||    47
       Potion            |       |       |     2 |     3 |     1 |     7 ||    13
 Stab: Distracted        |       |       |     1 |       |       |       ||     1
Armor: Animal skin       |     4 |       |       |       |       |       ||     4
       Ring mail         |    26 |    16 |       |       |       |       ||    42
       Chain mail        |       |    28 |    14 |       |       |       ||    42
       Scale mail        |       |       |    58 |    52 |       |       ||   110
       Crystal plate arm |       |       |       |   185 |   608 |   106 ||   899
Dodge: Dodged            |    54 |    81 |   206 |   157 |   377 |    60 ||   935
Block: Other             |       |       |       |       |    51 |    25 ||    76
       Reflection        |       |       |       |       |     8 |       ||     8
